 Dungeon Crawl Stone Soup version 0.20.1-1-g8b1a95d (webtiles) character file.

517691 tailblues the Eclecticist (level 22, -5/189 HPs)
             Began as a Demigod Wizard on Nov 4, 2017.
             Slain by a caustic shrike (18 damage)
             ... on level 2 of the Depths on Nov 10, 2017.
             The game lasted 11:57:59 (108666 turns).

tailblues the Eclecticist (Demigod Wizard)        Turns: 108666, Time: 11:58:01

Health: -5/189     AC: 18    Str: 22    XL:     22   Next: 96%
Magic:  22/53      EV: 21    Int: 24    God:
Gold:   2503       SH: 10    Dex: 26    Spells: 5/62 levels left

rFire    + . .     SeeInvis +   a - +18 lance "Wyrmbane" {slay drac, rPois rF+ rC+ AC+3}
rCold    + + +     Gourm    +   r - +3 warlock's mirror {reflect}
rNeg     + + +     Faith    .   u - +4 faerie dragon scales {rF- rC+ rN+ rCorr}
rPois    +         Spirit   .   x - +0 helmet of Parts Unknown {rN+}
rElec    +         Reflect  +   C - +2 cloak {rPois}
rCorr    +         Harm     .   e - +3 pair of gauntlets of War {Slay+5}
MR       +++..                  m - +1 pair of boots
Stlth    ++++......             f - amulet of Doors {Gourm rElec rPois Str+4 Int+2}
Regen    0.5/turn               M - ring "Fego" {rElec rC+ MR+}
MPRegen  0.4/turn               w - ring "Musto" {rF+ rN+ Str+4 SInv}

@: corroded, very slightly contaminated
A: agile 1, high mp 1, robust 1, shaggy fur 1
}: 3/15 runes: decaying, silver, gossamer
a: no special abilities


You were on level 2 of the Depths.
You were very full.

You visited 10 branches of the dungeon, and saw 44 of its levels.
You also visited: Labyrinth, Trove, Sewer, Bailey, Ice Cave and Wizlab.

You collected 6624 gold pieces.
You spent 4121 gold pieces at shops.

Inventory:

Hand Weapons
 a - the +18 lance "Wyrmbane" (weapon) {slay drac, rPois rF+ rC+ AC+3}
   (You took it off a deep elf annihilator on level 3 of the Elven Halls)

   It affects your AC (+3).
   It protects you from fire.
   It protects you from cold.
   It protects you from poison.
 b - a +7 demon blade of protection
 g - a +2 demon blade of electrocution
Armour
 e - the +3 pair of gauntlets of War (worn) {Slay+5}
   (You found it on level 3 of the Elven Halls)

   It affects your accuracy and damage with ranged weapons and melee attacks
   (+5).
 m - a +1 pair of boots (worn)
 n - a +2 helmet of see invisible
 r - the +3 warlock's mirror (worn) {reflect}
   (You bought it in a shop on level 2 of the Elven Halls)
 u - the +4 faerie dragon scales (worn) {rF- rC+ rN+ rCorr}
   (You took it off the Enchantress on level 1 of the Depths)

   It makes you vulnerable to fire.
   It protects you from cold.
   It protects you from negative energy.
   It protects you from acid and corrosion.
 x - the +0 helmet of Parts Unknown (worn) {rN+}
   (You found it on level 3 of the Vaults)

   It protects you from negative energy.
 C - a +2 cloak of poison resistance (worn)
 K - +4 acid dragon scales
Magical Staves
 c - an uncursed staff of conjuration
Jewellery
 f - the amulet of Doors (around neck) {Gourm rElec rPois Str+4 Int+2}
   (You found it in a treasure trove)

   [amulet of the gourmand]

   It allows you to eat raw meat even when not hungry.
   It affects your strength (+4).
   It affects your intelligence (+2).
   It insulates you from electricity.
   It protects you from poison.
 k - the ring of Alemp {rF+ rC+ rN+ Int-5 Stlth+}
   (You found it in a treasure trove)

   [ring of stealth]

   It affects your intelligence (-5).
   It protects you from fire.
   It protects you from cold.
   It protects you from negative energy.
   It makes you more stealthy.
 v - an uncursed ring of positive energy
 w - the ring "Musto" (right hand) {rF+ rN+ Str+4 SInv}
   (You found it in a wizard's laboratory)

   [ring of protection from fire]

   It affects your strength (+4).
   It protects you from fire.
   It protects you from negative energy.
   It lets you see invisible.
 D - the ring of Robustness {AC+8}
   (You took it off an ironheart preserver on level 5 of the Vaults)

   [ring of protection]

   It affects your AC (+8).
 L - the ring of Uhekk {MR+ AC+1}
   (You found it in a treasure trove)

   [ring of protection]

   It affects your AC (+1).
   It affects your resistance to hostile enchantments.
 M - the ring "Fego" (left hand) {rElec rC+ MR+}
   (You found it in a treasure trove)

   [ring of protection from cold]

   It protects you from cold.
   It insulates you from electricity.
   It affects your resistance to hostile enchantments.
 N - the ring "Tioniata" {MR+ MP+9 Str+3}
   (You found it on level 4 of the Vaults)

   [ring of magical power]

   It affects your strength (+3).
   It affects your resistance to hostile enchantments.
   It affects your magic capacity (+9).
 U - an uncursed amulet of magic regeneration
 Z - the amulet of the Air {Inacc +Fly rElec EV+5 RMsl}
   (You found it on level 3 of the Elven Halls)

   [amulet of inaccuracy]

   It reduces the accuracy of all your attacks.
   It affects your evasion (+5).
   It insulates you from electricity.
   It lets you fly.
   It protects you from missiles.
Wands
 y - a wand of iceblast (14/15)
 X - a wand of digging (17/24)
Scrolls
 j - 4 scrolls of amnesia
 l - 18 scrolls of remove curse
 p - 5 scrolls of teleportation
 t - 8 scrolls of identify
 z - 2 scrolls of silence
 A - 9 scrolls of fog
 B - a scroll of holy word
 E - 2 scrolls of fear
 J - 9 scrolls of summoning
 O - 3 scrolls of recharging
 P - a scroll of magic mapping
Potions
 i - 3 potions of haste
 o - 3 potions of cancellation
 q - 2 potions of flight
 s - 9 potions of curing
 G - a potion of invisibility
 H - 3 potions of magic
 I - 2 potions of brilliance
Books
 R - a book of Burglary

   Spells                             Type                      Level
   a - Swiftness                      Charms/Air                   2
   b - Passwall                       Transmutation/Earth          2
   c - Passage of Golubria            Translocation                4
   d - Lee's Rapid Deconstruction     Earth                        5
   e - Darkness                       Hexes                        6
   f - Invisibility                   Hexes                        6
 T - the Compendium of Poisonous Flight
   (You found it on level 2 of the Depths)

   Spells                             Type                      Level
   a - Sting                          Conjuration/Poison           1
   b - Poisonous Vapours              Poison/Air                   2
   c - Airstrike                      Air                          4
   d - Alistair's Intoxication        Transmutation/Poison         5
   e - Freezing Cloud                 Conjuration/Ice/Air          6
Miscellaneous
 Q - 2 phantom mirrors
Comestibles
 d - 11 meat rations
 h - 2 royal jellies
 F - 2 bread rations
 S - a fruit


   Skills:
 + Level 9.2 Fighting
   Level 5.9(7.4) Short Blades
 + Level 6.8(7.9) Long Blades
 + Level 8.5 Polearms
 + Level 0.1(5.2) Staves
   Level 11.1 Bows
 + Level 6.0 Armour
 + Level 9.2 Dodging
 + Level 7.4 Stealth
 + Level 7.4 Shields
 + Level 1.2 Unarmed Combat
 * Level 20.5 Spellcasting
 * Level 13.1 Conjurations
 + Level 3.8 Hexes
 + Level 5.2 Charms
 + Level 10.4 Summonings
 + Level 5.1 Translocations
 + Level 6.7 Transmutations
 + Level 7.5 Fire Magic
 + Level 6.4 Air Magic
 + Level 11.8 Poison Magic
 + Level 4.1 Evocations


You had 5 spell levels left.
You knew the following spells:

 Your Spells              Type           Power        Failure   Level  Hunger
a - Magic Dart            Conj           ####         0%          1    None
b - Summon Demon          Summ           ######....   1%          5    None
c - Summon Butterflies    Summ           ######..     1%          1    None
d - Mephitic Cloud        Conj/Pois/Air  ######..     1%          3    None
e - Fulminant Prism       Conj/Hex       ######....   1%          4    None
f - Ignite Poison         Fire/Tmut/Pois ######..     1%          3    None
g - Iskenderun's Mystic   Conj           ######..     1%          4    None
h - Poisonous Vapours     Pois/Air       ######       1%          2    None
i - Olgreb's Toxic Radia  Pois           ######..     1%          4    None
j - Confuse               Hex            #####...     1%          3    None
k - Aura of Abjuration    Summ           ######....   1%          5    None
l - Summon Lightning Spi  Summ/Air       ######..     1%          4    None
m - Spellforged Servitor  Conj/Summ      ######....   14%         7    #####..
o - Orb of Destruction    Conj           ######....   9%          7    #####..
B - Blink                 Tloc           N/A          1%          2    None
S - Shroud of Golubria    Chrm/Tloc      #####.....   1%          2    None


Dungeon Overview and Level Annotations

Branches:
Dungeon (15/15)            Temple (1/1) D:6            Lair (6/6) D:11
  Swamp (4/4) Lair:2       Spider (4/4) Lair:2        Slime (2/5) Lair:6
    Orc (2/2) D:9             Elf (3/3) Orc:2        Vaults (5/5) D:14
  Crypt (0/3) Vaults:3     Depths (2/5) D:15

Shops:
D:4 !   D:9 [   Orc:2 ??:[   Elf:2 *[!(

Portals:
Hell: Depths:1 Depths:2
Abyss: Depths:2

Annotations:
D:4 Anon1729's ghost, amateur OpFE


Innate Abilities, Weirdness & Mutations

You have an increased reservoir of magic. (+10% MP)
You are agile. (Dex +2)
You are robust. (+10% HP)
You are covered in fur. (AC +1)


Message History

You are splashed with acid!
The acid burns!
You resist.
* * * LOW HITPOINT WARNING * * *
The caustic shrike claws you!
* * * LOW HITPOINT WARNING * * *
You are splashed with acid!
The acid burns!
You resist.
* * * LOW HITPOINT WARNING * * *
As you read the scroll of fear, it crumbles to dust.
You assume a fearsome visage.
The caustic shrike easily resists.
The caustic shrike resists with some effort.
The caustic shrike looks frightened!
You block the caustic shrike's attack. The caustic shrike claws you.
* * * LOW HITPOINT WARNING * * *
You are splashed with acid!
The acid burns!
You resist.
* * * LOW HITPOINT WARNING * * *
The caustic shrike claws you!
* * * LOW HITPOINT WARNING * * *
You are splashed with acid!
The acid burns!
You resist.
* * * LOW HITPOINT WARNING * * *
The caustic shrike claws you!!
You die...

#.##........# #..........
#.##........#########'#########
#.##.........................#
#.##.........................##
#.##.........§§§...>.........#.
#.##..........§§§####........#.
###.##........§§§§§#..'...b....#.
#....+........§§bb§#..#b.......#.
#.#.##........§§@§b####.b......#.
.....#........§§§.............)'.
####.#.........................##
#.##+#############'##########
#.##.# #.# # #.##.#
###.########## # #.##.#
#............# #
#.##.###########.#########..#
####.##.##.......}........(....#


You could see 3 caustic shrikes.

Vanquished Creatures
  An ancient lich (Vaults:5)
  the Lernaean hydra (Swamp:4)
  Saint Roka (Depths:1)
  5 golden dragons
  Nikola (Swamp:2)
  the Enchantress (Depths:1)
  2 tentacled monstrosities
  A lich (Vaults:4)
  2 deep elf master archers (Elf:3)
  3 deep elf blademasters
  2 titans (Vaults:5)
  A sphinx (shapeshifter) (Vaults:4)
  A sphinx (Vaults:4)
  6 tengu reavers
  2 thorn hunters
  Kirke (Lair:5)
  3 shadow dragons
  An azure jelly (Slime:1)
  2 storm dragons
  A frost giant (Vaults:5)
  3 fire giants
  A balrug (Depths:2)
  6 deep elf sorcerers
  3 emperor scorpions
  2 ghost moths
  2 deep elf elementalists
  21 vault wardens
  14 very ugly things
  2 spriggan defenders (Depths:1)
  17 ironheart preservers
  2 war gargoyles
  11 stone giants
  3 entropy weavers
  Nessos (Lair:5)
  7 deep elf demonologists
  10 deep elf annihilators
  9 ettins
  11 deep elf death magi
  A crystal guardian (Vaults:4)
  A minotaur (Lab)
  Snorg (D:13)
  10 yaktaur captains
  5 deep elf high priests
  2 fire dragons
  A small abomination (Vaults:4)
  Erolcha (Orc:2)
  6 ice dragons
  31 vault guards
  3 rakshasas
  2 great orbs of eyes
  A ghost crab (Swamp:1)
  3 catoblepae
  An ice dragon (shapeshifter) (Vaults:2)
  13 hydras
  A death knight (Vaults:2)
  Erica (D:11)
  A spriggan air mage (Depths:1)
  16 centaur warriors
  19 dancing weapons
  The ghost of tailblues the Magician, a novice DgWz (D:10)
  4 tengu warriors
  5 alligators
  12 ogre magi
  6 death yaks
  6 deep troll shamans
  A queen ant (Spider:2)
  5 deep troll earth magi
  Urug (D:13)
  A thrashing horror (Swamp:4)
  33 two-headed ogres
  A spriggan berserker (Depths:2)
  A soul eater (WizLab)
  Sonja (D:13)
  27 deep elf knights
  3 hell knights
  A sun demon (Depths:2)
  A storm dragon skeleton (Vaults:3)
  A fire crab (shapeshifter) (Depths:1)
  2 shadow wraiths (Vaults:4)
  An iron troll (Depths:2)
  5 swamp dragons
  5 unseen horrors
  21 deep elf archers
  19 deep trolls
  The ghost of Thaneod the Cleaver, a novice MiGl of Trog (D:7)
  2 spriggan druids
  3 lindwurms (Lair:6)
  A shambling mangrove (Swamp:3)
  A flayed ghost (Vaults:4)
  3 phantasmal warriors
  6 glowing orange brains
  A sphinx zombie (Vaults:3)
  A tengu zombie (Vaults:3)
  3 necromancers
  3 wizards
  12 ironbrand convokers
  A fire giant zombie (Vaults:3)
  12 orb spiders
  4 harpies (Vaults:4)
  30 wolf spiders
  14 orc knights
  34 ugly things
  87 deep elf magi
  5 cyclopes
  12 orc sorcerers
  An iron dragon zombie (Vaults:4)
  2 moths of wrath
  7 manticores
  18 vault sentinels
  4 centaur zombies
  A fire giant skeleton (Vaults:3)
  Joseph (D:8)
  A guardian serpent (shapeshifter) (D:15)
  A stone giant skeleton (Vaults:3)
  6 elephants
  9 black mambas
  2 ice statues (IceCv)
  19 spiny frogs
  4 torpor snails
  An orange demon (WizLab)
  A gargoyle (D:15)
  A spiny frog (shapeshifter) (D:14)
  3 rime drakes
  31 yaktaurs
  3 kobold demonologists
  11 komodo dragons
  11 demonic crawlers
  The ghost of Folque the Conjurer, a novice OpWz of Sif Muna (D:5)
  11 ice devils (IceCv)
  4 freezing wraiths
  A human zombie (Vaults:3)
  A rime drake (shapeshifter) (D:13)
  26 jumping spiders
  6 tengu conjurers
  3 meliai (D:15)
  6 trolls
  A wind drake (shapeshifter) (Vaults:4)
  A queen bee (shapeshifter) (Vaults:4)
  A hornet (shapeshifter) (D:15)
  6 bog bodies
  3 tyrant leeches
  A merfolk (shapeshifter) (Vaults:3)
  18 blink frogs
  15 hornets
  2 raiju (shapeshifter)
  A wolf spider simulacrum (D:15)
  29 slime creatures
  A dream sheep (shapeshifter) (Vaults:3)
  12 dream sheep
  15 hippogriffs
  A slime creature (shapeshifter) (Depths:1)
  11 spriggans
  A fire giant simulacrum (Vaults:4)
  Sigmund (D:4)
  5 wyverns
  97 redbacks
  6 water elementals
  25 yaks
  A shadow (D:14)
  34 tarantellas
  2 vampires
  4 wraiths
  2 hogs (Lair:6)
  5 basilisks
  A yak (shapeshifter) (Vaults:1)
  A fire elemental (Elf:3)
  4 hungry ghosts
  6 vampire mosquitoes
  6 wargs
  7 swamp worms
  19 soldier ants
  6 insubstantial wisps
  A soldier ant (shapeshifter) (Depths:1)
  5 acid dragons
  14 water moccasins
  A hornet zombie (D:10)
  9 porcupines
  56 orc warriors
  9 ice beasts
  7 sky beasts
  A necrophage (D:11)
  Purgy (Sewer)
  A black bear (D:9)
  6 swamp drakes
  3 phantoms
  An eye of draining (shapeshifter) (Vaults:5)
  9 boggarts
  A boggart (shapeshifter) (Vaults:5)
  33 ogres
  18 wolves
  22 centaurs
  11 crocodiles
  8 big kobolds
  33 bullfrogs
  An earth elemental (Elf:1)
  A water moccasin zombie (D:6)
  2 scorpions (D:8)
  A water moccasin skeleton (D:8)
  6 killer bees (D:9)
  8 howler monkeys
  3 spriggan skeletons (Lab)
  20 wights
  2 troll skeletons (Lab)
  12 electric eels
  11 crimson imps
  A human simulacrum (Vaults:1)
  2 quasits
  11 hounds
  14 orc priests
  7 bullfrog zombies
  7 centaur skeletons
  A hound (shapeshifter) (Vaults:5)
  16 jellies
  4 bullfrog skeletons
  6 iguanas
  46 orc wizards
  A hell rat (Lair:6)
  29 worker ants
  A hound zombie (D:6)
  A hound skeleton (D:8)
  A killer bee simulacrum (D:10)
  2 worker ant zombies
  2 howler monkey skeletons
  14 adders
  8 gnolls
  A hound simulacrum (D:10)
  3 shadow imps
  10 white imps
  10 ufetubi
  An ooze (Lair:6)
  2 adder skeletons
  An adder zombie (D:8)
  An adder simulacrum (D:10)
  A leopard gecko (D:1)
  136 orcs
  3 ball pythons
  7 bats
  4 giant cockroaches
  20 goblins
  20 hobgoblins
  15 jackals
  5 quokkas
  A ball python zombie (D:5)
  5 frilled lizards
  A jackal skeleton (D:4)
  21 kobolds
  2 quokka skeletons
  5 rats
  2 briar patches (Swamp:4)
  2 butterflies
  2 fulminant prisms
  2 fungi
  3 plants
2008 creatures vanquished.

Vanquished Creatures (collateral kills)
  Mara (Depths:1)
  A caustic shrike (Depths:2)
  A bone dragon (Vaults:3)
  A Hellbinder (WizLab)
  A tentacled monstrosity (Vaults:5)
  A titan (Vaults:5)
  The ghost of Salmacis the Peltast, an adept MfFi of Okawaru (Spider:1)
  A thorn hunter (Swamp:3)
  A shadow dragon (Vaults:5)
  2 vault wardens
  A frost giant (Depths:1)
  An iron dragon (D:12)
  A deep elf sorcerer (Elf:3)
  A cacodemon (WizLab)
  Aizul (Swamp:4)
  A balrug (WizLab)
  5 emperor scorpions (Spider:3)
  A reaper (WizLab)
  A deep elf elementalist (Elf:3)
  A spriggan defender (Depths:1)
  5 very ugly things
  2 ironheart preservers
  2 stone giants
  An entropy weaver (Vaults:4)
  3 deep elf demonologists
  A deep elf annihilator (Elf:3)
  4 green deaths
  A death ooze (Slime:2)
  A blizzard demon (WizLab)
  2 fire dragons
  Josephine (Swamp:1)
  2 rakshasas
  A deep elf high priest (Elf:3)
  3 great orbs of eyes (Depths:2)
  A hell beast (WizLab)
  3 yaktaur captains
  4 hydras
  A ghost crab (Swamp:3)
  A centaur warrior (Vaults:3)
  4 ice dragons
  2 two-headed ogres
  2 alligators (Swamp:4)
  A deep troll shaman (Depths:1)
  22 dancing weapons
  2 ogre magi
  A shock serpent (shapeshifter) (Elf:2)
  3 hell knights (Depths:2)
  A deep troll earth mage (D:14)
  4 deep elf knights
  A soul eater (WizLab)
  3 sun demons
  A flayed ghost (Vaults:1)
  4 deep trolls
  A glowing orange brain (Vaults:2)
  2 swamp dragons
  A deep elf archer (Elf:2)
  3 ironbrand convokers
  A phantasmal warrior (D:14)
  2 orb spiders (Spider:1)
  4 wolf spiders
  10 deep elf magi
  12 ugly things
  A necromancer (Depths:2)
  A mana viper (shapeshifter) (D:14)
  An orc sorcerer (Elf:2)
  A shining eye (Slime:2)
  A rust devil (WizLab)
  2 vault sentinels (Vaults:3)
  2 orange demons (Swamp:4)
  7 spiny frogs
  6 demonic crawlers
  2 ice devils (WizLab)
  A freezing wraith (Vaults:2)
  3 yaktaurs
  A troll (shapeshifter) (Vaults:4)
  A red devil (WizLab)
  A merfolk (shapeshifter) (Vaults:4)
  9 tyrant leeches
  4 jumping spiders (Spider:1)
  4 hornets
  8 bog bodies
  31 slime creatures
  4 tarantellas
  2 air elementals
  21 redbacks
  3 shadows
  4 water elementals
  A spriggan (shapeshifter) (Vaults:1)
  2 spriggans
  3 wraiths
  2 ynoxinuls (WizLab)
  3 fire elementals
  14 swamp worms
  16 vampire mosquitoes
  A large abomination (Swamp:4)
  8 insubstantial wisps
  A water moccasin (Lair:4)
  An acid dragon (Vaults:2)
  A porcupine (Lair:1)
  4 swamp drakes
  2 orc warriors (Bailey)
  A small abomination (Swamp:4)
  4 boggarts
  3 ogres
  An eye of draining (shapeshifter) (Vaults:4)
  An ettin simulacrum (Vaults:4)
  A centaur (D:5)
  A wolf (Lair:4)
  A crocodile (shapeshifter) (Vaults:4)
  A human skeleton (Vaults:3)
  3 earth elementals
  2 electric eels (D:13)
  2 crimson imps
  A hound (D:5)
  An orc priest (D:3)
  3 orc wizards
  A worker ant (D:8)
  Natasha (twice) (D:4)
  Robin (D:4)
  A howler monkey skeleton (D:4)
  5 gnolls
  An adder (D:8)
  An ooze (D:3)
  4 worms
  A dart slug (D:3)
  A leopard gecko (D:5)
  16 orcs
  2 ball pythons (Sewer)
  11 goblins
  4 hobgoblins
  A jackal (D:5)
  6 kobolds
  3 bats
  3 frilled lizards (Sewer)
  3 rats
  A butterfly (Lair:2)
425 creatures vanquished.

Vanquished Creatures (others)
  A fire giant (Vaults:4)
  A vault warden (Vaults:5)
  A reaper (IceCv)
  2 yaktaur captains (Vaults:5)
  A vault guard (Vaults:5)
  A vault sentinel (Vaults:5)
  A yaktaur (Vaults:4)
  A water elemental (D:13)
  2 white imps (IceCv)
  6 ufetubi
  A bush (Lair:6)
  59 fulminant prisms
  14 fungi
  33 plants
124 creatures vanquished.

Grand Total: 2557 creatures vanquished

Notes
Turn   | Place    | Note
-------+----------+-------------------------------------------
     0 | D:1      | tailblues the Demigod Wizard began the quest for the Orb.
     0 | D:1      | Reached XP level 1. HP: 14/14 MP: 6/6
   502 | D:1      | Reached skill level 3 in Spellcasting
   532 | D:1      | Reached skill level 1 in Conjurations
   532 | D:1      | Reached XP level 2. HP: 20/20 MP: 6/8
   695 | D:1      | Learned a level 2 spell: Call Imp
   724 | D:1      | Learned a level 2 spell: Blink
  1489 | D:2      | Found a blossoming altar of Fedhas.
  1754 | D:2      | Found a stormy altar of Qazlal.
  1957 | D:2      | Reached skill level 1 in Summonings
  2337 | D:2      | Reached XP level 3. HP: 26/26 MP: 0/10
  2799 | D:2      | Found a basalt altar of Yredelemnul.
  3474 | D:3      | Reached XP level 4. HP: 33/33 MP: 7/12
  3630 | D:3      | Learned a level 3 spell: Conjure Flame
  3893 | D:4      | Noticed an ice beast
  3901 | D:4      | Killed an ice beast
  3901 | D:4      | Reached skill level 4 in Spellcasting
  3901 | D:4      | Reached skill level 1 in Translocations
  3901 | D:4      | Reached XP level 5. HP: 38/38 MP: 8/14
  3940 | D:4      | Noticed Anon1729's ghost (amateur OpFE)
  4037 | D:4      | Learned a level 3 spell: Mephitic Cloud
  4244 | D:4      | Noticed an ogre
  4247 | D:4      | Noticed Sigmund
  4282 | D:4      | Killed Sigmund
  4581 | D:4      | Reached XP level 6. HP: 46/46 MP: 10/16
  4594 | D:4      | Reached skill level 1 in Fighting
  4682 | D:4      | Found a glowing silver altar of Zin.
  4682 | D:4      | Found an iron altar of Okawaru.
  4692 | D:4      | Found a deep blue altar of Sif Muna.
  4694 | D:4      | Found a glowing golden altar of the Shining One.
  4695 | D:4      | Found a snail-covered altar of Cheibriados.
  4752 | D:4      | Found a sparkling altar of Nemelex Xobeh.
  4771 | D:4      | Found Roaxev's Distillery.
  4779 | D:4      | Bought a potion of curing for 33 gold pieces
  4779 | D:4      | Bought a potion of berserk rage for 55 gold pieces
  4912 | D:4      | Noticed Natasha
  4939 | D:4      | Killed Natasha
  5114 | D:4      | Noticed Natasha
  5118 | D:4      | Noticed Robin
  5145 | D:4      | Killed Natasha
  5147 | D:4      | Killed Robin
  5375 | D:4      | Reached skill level 1 in Short Blades
  5531 | D:5      | Entered Level 5 of the Dungeon
  5539 | D:5      | Found a shattered altar of Ashenzari.
  5541 | D:5      | Found an opulent altar of Gozag.
  5543 | D:5      | Found a shimmering altar of Xom.
  5603 | D:5      | Reached skill level 5 in Spellcasting
  5603 | D:5      | Reached XP level 7. HP: 29/53 MP: 5/18
  5756 | D:5      | Found a glowing drain.
  5778 | Sewer    | Entered a sewer
  5982 | Sewer    | Noticed Purgy
  5983 | Sewer    | Killed Purgy
  6129 | D:4      | Gained mutation: Your muscles are strong. (Str +2) [mutagenic meat]
  6130 | D:4      | Lost mutation: Your muscles are strong. (Str +2) [mutagenic meat]
  6131 | D:4      | Gained mutation: You have sharp fingernails. [mutagenic meat]
  6132 | D:4      | Gained mutation: You have a considerably increased reservoir of magic. (+20% MP) [mutagenic meat]
  6133 | D:4      | Gained mutation: You are robust. (+10% HP) [mutagenic meat]
  6392 | D:5      | Noticed Folque's ghost (novice OpWz)
  6448 | D:5      | Killed Folque's ghost
  6448 | D:5      | Reached skill level 1 in Polearms
  6448 | D:5      | Reached XP level 8. HP: 56/68 MP: 3/21
  6592 | D:5      | Reached skill level 1 in Fire Magic
  7417 | D:6      | Found a staircase to the Ecumenical Temple.
  8226 | D:6      | Reached skill level 6 in Spellcasting
  8230 | D:6      | Learned a level 2 spell: Slow
  8582 | Temple   | Entered the Ecumenical Temple
  9151 | D:7      | Noticed a two-headed ogre
  9185 | D:7      | Killed a two-headed ogre
  9185 | D:7      | Reached skill level 1 in Hexes
  9185 | D:7      | Reached skill level 1 in Poison Magic
  9185 | D:7      | Reached XP level 9. HP: 78/78 MP: 21/24
  9667 | D:7      | Found a transporter.
  9825 | D:7      | Noticed Thaneod's ghost (novice MiGl)
  9838 | D:7      | Killed Thaneod's ghost
 10029 | D:7      | Found a roughly hewn altar of Beogh.
 10238 | D:7      | Found a transporter.
 10628 | D:7      | Learned a level 3 spell: Ignite Poison
 10882 | D:8      | Noticed Joseph
 10895 | D:8      | Killed Joseph
 10895 | D:8      | Reached XP level 10. HP: 60/85 MP: 14/26
 10905 | D:8      | Noticed a two-headed ogre
 10911 | D:8      | Reached skill level 5 in Dodging
 10941 | D:8      | Killed a two-headed ogre
 10941 | D:8      | Reached skill level 1 in Air Magic
 10987 | D:8      | Reached skill level 1 in Armour
 11007 | D:8      | Found a flagged portal.
 11016 | Bailey   | Entered a bailey
 11415 | Bailey   | Noticed an orc knight
 11432 | Bailey   | Killed an orc knight
 11521 | Bailey   | Reached skill level 7 in Spellcasting
 11822 | Bailey   | Noticed an orc warlord
 11985 | Bailey   | Got a bloodstained longbow
 12012 | Bailey   | Noticed an orc knight
 12032 | Bailey   | Killed an orc knight
 12195 | D:8      | Identified the +9 longbow "Giantbane" {flame, +Inv rElec MP+9 Int+6} (You took it off an orc in a bailey)
 12755 | D:4      | Bought a potion of mutation for 88 gold pieces
 12757 | D:4      | Lost mutation: You are robust. (+10% HP) [potion of mutation]
 12757 | D:4      | Lost mutation: You have a considerably increased reservoir of magic. (+20% MP) [potion of mutation]
 12757 | D:4      | Gained mutation: You are robust. (+10% HP) [potion of mutation]
 12757 | D:4      | Gained mutation: You can translocate small distances at will. [potion of mutation]
 13179 | D:7      | Reached skill level 1 in Long Blades
 13179 | D:7      | Reached skill level 5 in Polearms
 13179 | D:7      | Reached skill level 1 in Bows
 13179 | D:7      | Reached skill level 5 in Stealth
 13179 | D:7      | Reached skill level 1 in Shields
 13179 | D:7      | Reached skill level 1 in Unarmed Combat
 13179 | D:7      | Reached skill level 1 in Transmutations
 13179 | D:7      | Reached skill level 1 in Evocations
 13179 | D:7      | Reached XP level 11. HP: 93/93 MP: 26/26
 14203 | D:8      | Reached skill level 5 in Short Blades
 14477 | D:9      | Found Toreeplu's Antique Armour Emporium.
 15406 | D:9      | Found a staircase to the Orcish Mines.
 16047 | D:9      | Noticed a two-headed ogre
 16055 | D:9      | Killed a two-headed ogre
 16055 | D:9      | Reached skill level 8 in Spellcasting
 16055 | D:9      | Reached XP level 12. HP: 102/102 MP: 28/28
 16339 | D:10     | Entered Level 10 of the Dungeon
 16410 | D:10     | Reached skill level 5 in Fighting
 16737 | D:10     | Noticed tailblues's ghost (novice DgWz)
 16786 | D:10     | Killed tailblues's ghost
 17079 | D:10     | Identified a scroll of acquirement
 17080 | D:10     | Got a pitted lapis lazuli ring
 17082 | D:10     | Identified the ring of Zitzuheck {-Tele rC+ Dex+4 SInv} (You acquired it on level 10 of the Dungeon)
 17508 | D:10     | Lost mutation: You can translocate small distances at will. [potion of mutation]
 17508 | D:10     | Lost mutation: You have sharp fingernails. [potion of mutation]
 17508 | D:10     | Gained mutation: You are agile. (Dex +2) [potion of mutation]
 17508 | D:10     | Gained mutation: You are covered in fur. (AC +1) [potion of mutation]
 18084 | D:10     | Got a faintly glowing morningstar
 18086 | D:10     | Identified the cursed +3 morningstar "Irphijuv" {antimagic, rElec Dex+4} (You found it on level 10 of the Dungeon)
 18732 | D:11     | Found a staircase to the Lair.
 18774 | Lair:1   | Entered Level 1 of the Lair of Beasts
 18944 | Lair:1   | Found a labyrinth entrance.
 18968 | Lab      | Entered a labyrinth
 20041 | Lab      | Noticed a minotaur
 20056 | Lab      | Killed a minotaur
 20056 | Lab      | Reached skill level 9 in Spellcasting
 20056 | Lab      | Reached skill level 5 in Conjurations
 20061 | Lab      | Got a vibrating bronze ring
 20352 | Lair:1   | Identified the ring "Dotel" {Fire Int+4} (You found it in a labyrinth)
 20623 | Lair:1   | Noticed a seven-headed hydra
 20638 | Lair:1   | Killed a seven-headed hydra
 21232 | Lair:1   | Reached skill level 5 in Bows
 21308 | Lair:2   | Found a staircase to the Swamp.
 22629 | Lair:2   | Found a hole to the Spider Nest.
 22652 | Lair:2   | Reached XP level 13. HP: 112/112 MP: 31/31
 23049 | Lair:3   | Found a frozen archway.
 23060 | IceCv    | Entered an ice cave
 23232 | IceCv    | Killed a reaper
 25254 | Lair:1   | Learned a level 5 spell: Irradiate
 26655 | Lair:3   | Reached skill level 10 in Spellcasting
 27803 | Lair:4   | Reached skill level 5 in Summonings
 28354 | Lair:5   | Noticed Nessos
 28371 | Lair:5   | Killed Nessos
 28852 | Lair:1   | Learned a level 2 spell: Poisonous Vapours
 29423 | Lair:1   | Learned a level 4 spell: Olgreb's Toxic Radiance
 29809 | Lair:5   | Found a snail-covered altar of Cheibriados.
 30246 | Lair:5   | Learned a level 3 spell: Confuse
 30592 | Lair:6   | Entered Level 6 of the Lair of Beasts
 31034 | Lair:6   | Found a staircase to the Slime Pits.
 31380 | Lair:6   | Noticed Kirke
 31402 | Lair:5   | Killed Kirke
 32142 | Lair:5   | Reached XP level 14. HP: 65/122 MP: 33/33
 32747 | Lair:6   | Reached skill level 11 in Spellcasting
 34819 | Lair:1   | Learned a level 3 spell: Dazzling Spray
 34867 | D:11     | Noticed Erica
 34876 | D:11     | Killed Erica
 35084 | D:11     | Reached skill level 5 in Poison Magic
 35988 | Orc:1    | Entered Level 1 of the Orcish Mines
 36073 | Orc:1    | Found a bloodstained altar of Trog.
 36231 | Orc:2    | Entered Level 2 of the Orcish Mines
 37047 | Orc:2    | Found a staircase to the Elven Halls.
 37399 | Orc:2    | Found Rizeesty's Antique Armour Boutique.
 37416 | Orc:2    | Bought an embroidered cloak for 247 gold pieces
 37416 | Orc:2    | Bought a pair of twisted gloves for 313 gold pieces
 37427 | Orc:2    | Identified the +2 pair of gloves of the Prince of Darkness {rF- Regen+ Int-2 Stlth+} (You bought it in a shop on level 2 of the Orcish Mines)
 37467 | Orc:2    | Found a radiant altar of Vehumet.
 37468 | Orc:2    | Noticed Erolcha
 37477 | Orc:2    | Killed Erolcha
 37508 | Orc:2    | Found Ukaoch's Book Boutique.
 37539 | Orc:2    | Paralysed by an orc sorcerer for 3 turns
 37550 | Orc:2    | Found a roughly hewn altar of Beogh.
 37550 | Orc:2    | Found Miuprez's Magic Scroll Boutique.
 37676 | Orc:2    | Found an ancient bone altar of Kikubaaqudgha.
 37711 | Orc:2    | Bought a scroll of enchant weapon for 97 gold pieces
 37711 | Orc:2    | Bought a scroll of enchant armour for 97 gold pieces
 37711 | Orc:2    | Bought a scroll of enchant weapon for 97 gold pieces
 37743 | Orc:2    | Bought a book of Summonings for 980 gold pieces
 37743 | Orc:2    | Bought a book of Conjurations for 420 gold pieces
 37867 | Orc:2    | Found Tigoaggu's Magic Scroll Shop.
 38222 | Orc:2    | Reached skill level 12 in Spellcasting
 39066 | Lair:1   | Learned a level 5 spell: Summon Demon
 39270 | Swamp:1  | Entered Level 1 of the Swamp
 39405 | Spider:1 | Entered Level 1 of the Spider Nest
 39569 | Spider:1 | Noticed Salmacis's ghost (adept MfFi)
 40515 | D:12     | Got a fine copper ring
 40518 | D:12     | Identified the ring of Baghaum {AC+3 Dex+2} (You found it on level 12 of the Dungeon)
 40519 | D:12     | Found a runed door.
 40527 | D:12     | Noticed an iron dragon
 41174 | D:13     | Noticed Sonja
 41188 | D:13     | Killed Sonja
 41197 | D:13     | Reached XP level 15. HP: 126/129 MP: 26/36
 41204 | D:13     | Noticed Snorg
 41210 | D:13     | Killed Snorg
 41283 | D:13     | Noticed Urug
 41293 | D:13     | Killed Urug
 42211 | D:13     | Reached skill level 5 in Fire Magic
 42421 | D:14     | Found a portal to a secret trove of treasure.
 42732 | D:14     | Found a gate to the Vaults.
 43129 | D:14     | Found a runed door.
 43129 | D:14     | Noticed a tengu reaver
 43159 | D:15     | Entered Level 15 of the Dungeon
 44651 | Spider:1 | Killed Salmacis's ghost
 45045 | Spider:1 | Reached skill level 13 in Spellcasting
 45786 | Swamp:1  | Noticed Josephine
 45938 | Swamp:1  | Killed Josephine
 46860 | Swamp:1  | Reached skill level 10 in Bows
 48203 | Swamp:2  | Noticed a thorn hunter
 48352 | Swamp:2  | Killed a thorn hunter
 48618 | Swamp:2  | Noticed Nikola
 48632 | Swamp:2  | Killed Nikola
 49146 | Lair:1   | Learned a level 4 spell: Fulminant Prism
 49729 | Orc:2    | Bought a scroll of amnesia for 45 gold pieces
 49729 | Orc:2    | Bought a scroll of blinking for 97 gold pieces
 49729 | Orc:2    | Bought a scroll of teleportation for 39 gold pieces
 49788 | Orc:2    | Bought a scroll of amnesia for 56 gold pieces
 49788 | Orc:2    | Bought a scroll of amnesia for 56 gold pieces
 49788 | Orc:2    | Bought a scroll of blinking for 120 gold pieces
 49839 | Orc:2    | Reached XP level 16. HP: 138/138 MP: 38/38
 50896 | D:15     | Found a staircase to the Depths.
 51967 | D:15     | Reached skill level 5 in Long Blades
 53461 | D:14     | Identified the Catalogue of Ensnaring Translocation
 54694 | Spider:2 | Reached skill level 14 in Spellcasting
 56843 | Spider:3 | Learned a level 4 spell: Summon Lightning Spire
 56967 | Spider:3 | Got a crude flail
 56968 | Spider:3 | Identified the cursed +0 flail of Insomnia {drain, rN+ Stlth+} (You found it on level 3 of the Spider Nest)
 57495 | Spider:4 | Entered Level 4 of the Spider Nest
 58306 | Spider:4 | Reached skill level 5 in Armour
 58548 | Spider:4 | Reached XP level 17. HP: 134/147 MP: 41/41
 60647 | Spider:4 | Reached skill level 15 in Spellcasting
 61318 | Spider:4 | Got a gossamer rune of Zot
 61875 | Lair:1   | Learned a level 5 spell: Aura of Abjuration
 63343 | Swamp:4  | Entered Level 4 of the Swamp
 65572 | Swamp:4  | Noticed the 27-headed Lernaean hydra
 65970 | Swamp:4  | Noticed Aizul
 65990 | Swamp:4  | Killed Aizul
 66208 | Swamp:4  | Got a decaying rune of Zot
 66698 | Vaults:1 | Entered Level 1 of the Vaults
 68512 | Vaults:1 | Reached XP level 18. HP: 110/157 MP: 43/43
 68727 | Vaults:1 | Reached skill level 16 in Spellcasting
 69094 | Elf:1    | Entered Level 1 of the Elven Halls
 69225 | Elf:1    | Learned a level 2 spell: Shroud of Golubria
 72036 | Elf:2    | Found Wauxi's Distillery.
 72052 | Elf:2    | Bought a potion of resistance for 110 gold pieces
 72475 | D:14     | You paid a toll of 3 potions of resistance to enter a treasure trove
 72476 | Trove    | Entered a treasure trove
 72479 | Trove    | Got a brightly glowing lapis lazuli ring
 72493 | Trove    | Got a bound platinum amulet
 72495 | Trove    | Identified the amulet of Doors {Gourm rElec rPois Str+4 Int+2} (You found it in a treasure trove)
 72508 | Trove    | Got a smoking lead ring
 72512 | Trove    | Identified the ring of Uhekk {MR+ AC+1} (You found it in a treasure trove)
 72544 | Trove    | Got a translucent silver ring
 72545 | Trove    | Identified the ring of Vexken {rC+ MR+} (You found it in a treasure trove)
 72555 | Trove    | Got a slimy golden ring
 72557 | Trove    | Identified the ring of Alemp {rF+ rC+ rN+ Int-5 Stlth+} (You found it in a treasure trove)
 72559 | Trove    | Got a translucent glass ring
 72561 | Trove    | Identified the ring of Wighoew {*Drain +Fly rElec Dex+4 Stlth+} (You found it in a treasure trove)
 72828 | Lair:1   | Identified the ring "Fego" {rElec rC+ MR+} (You found it in a treasure trove)
 73487 | Elf:2    | Found Qotyg's Assorted Antiques.
 73584 | Elf:2    | Found Vourey's Weapon Emporium.
 73734 | Elf:2    | Found Fafar's Antique Armour Shop.
 73834 | Elf:2    | Found a runed gate.
 73834 | Elf:2    | Found a runed gate.
 73834 | Elf:2    | Found a runed gate.
 76794 | Lair:1   | Learned a level 7 spell: Orb of Destruction
 77403 | Elf:3    | Entered Level 3 of the Elven Halls
 77553 | Elf:3    | Reached skill level 17 in Spellcasting
 77695 | Elf:3    | Found a magical portal.
 77708 | WizLab   | Entered The Hall of the Hellbinder
 79153 | WizLab   | Noticed Ychez
 79159 | WizLab   | Killed Ychez the Hellbinder
 79159 | WizLab   | Reached XP level 19. HP: 135/163 MP: 44/46
 79162 | WizLab   | Found a burning altar of Makhleb.
 79275 | WizLab   | Identified the Catalogue of the Escort
 79295 | WizLab   | Identified Iskes's Incunabulum of Calling
 79323 | WizLab   | Got a warped steel ring
 79326 | WizLab   | Identified the ring "Musto" {rF+ rN+ Str+4 SInv} (You found it in a wizard's laboratory)
 80185 | Lair:1   | Learned a level 1 spell: Summon Butterflies
 80240 | Lair:1   | Learned a level 4 spell: Iskenderun's Mystic Blast
 81260 | Elf:3    | Reached skill level 5 in Air Magic
 81292 | Elf:3    | Reached skill level 10 in Conjurations
 83676 | Elf:3    | Reached skill level 5 in Transmutations
 83875 | Elf:3    | Got a blackened leather armour
 83943 | Elf:3    | Identified the Handbook of Shifting Flight
 83980 | Elf:3    | Got a polished scale mail
 83991 | Elf:3    | Identified the +4 scale mail of Apathy {rPois SInv} (You found it on level 3 of the Elven Halls)
 84013 | Elf:3    | Got a dazzling falchion
 84014 | Elf:3    | Identified the +2 falchion of Hubris {pain, +Blink} (You found it on level 3 of the Elven Halls)
 84041 | Elf:3    | Identified the cursed +1 leather armour "Ahiapy" {Str+4 Int+3} (You took it off a deep elf demonologist on level 3 of the Elven Halls)
 84049 | Elf:3    | Got a twisted leather armour
 84055 | Elf:3    | Identified the +3 leather armour of Indomitability {rPois rF+} (You found it on level 3 of the Elven Halls)
 84086 | Elf:3    | Got an ichor-stained arbalest
 84092 | Elf:3    | Identified the +8 arbalest of the Asp {freeze, rF+++ Int-4} (You found it on level 3 of the Elven Halls)
 84103 | Elf:3    | Got a crude robe
 84114 | Elf:3    | Identified the +2 robe of Weightlessness {Dex+6} (You found it on level 3 of the Elven Halls)
 84136 | Elf:3    | Got a twisted large shield
 84143 | Elf:3    | Identified the +4 large shield of Mirth {+Inv rPois rN++ MR-} (You found it on level 3 of the Elven Halls)
 84178 | Elf:3    | Got a vibrating pewter ring
 84180 | Elf:3    | Identified the ring of Qiewirph {rCorr *Drain rPois Str+8 Dex+2} (You found it on level 3 of the Elven Halls)
 84753 | Elf:2    | Bought the +3 warlock's mirror {reflect} for 920 gold pieces
 85494 | Vaults:2 | Found a glowing golden altar of the Shining One.
 86326 | Vaults:2 | Reached skill level 5 in Shields
 87228 | Vaults:2 | Reached skill level 18 in Spellcasting
 87741 | Vaults:2 | Reached XP level 20. HP: 155/172 MP: 43/48
 90128 | Vaults:3 | Found a staircase to the Crypt.
 90128 | Vaults:3 | Noticed a bone dragon
 90144 | Vaults:3 | Killed a bone dragon
 90541 | Vaults:3 | Got a brightly glowing helmet
 90552 | Vaults:3 | Identified the cursed +0 helmet of Parts Unknown {rN+} (You found it on level 3 of the Vaults)
 91457 | Vaults:4 | Reached skill level 10 in Poison Magic
 91767 | Vaults:4 | Got a faintly glowing steel ring
 91778 | Vaults:4 | Identified the ring "Tioniata" {MR+ MP+9 Str+3} (You found it on level 4 of the Vaults)
 91859 | Vaults:4 | Reached skill level 1 in Charms
 93475 | Vaults:5 | Entered Level 5 of the Vaults
 94290 | Vaults:5 | Noticed a golden dragon
 94291 | Vaults:5 | Reached XP level 21. HP: 102/178 MP: 49/50
 94292 | Vaults:5 | Noticed a golden dragon
 94294 | Vaults:5 | Noticed a golden dragon
 94600 | Vaults:5 | Reached skill level 19 in Spellcasting
 94998 | Vaults:5 | Noticed an ancient lich
 95013 | Vaults:5 | Killed an ancient lich
 95080 | Vaults:5 | Paralysed by a floating eye for 3 turns
 95765 | Vaults:4 | Got a scintillating bone ring
 95836 | Vaults:4 | Got a smoking quarterstaff {crush}
 95837 | Vaults:4 | Identified the +6 quarterstaff of Darkness {crush, rElec rPois Stlth-} (You took it off a deep elf annihilator on level 4 of the Vaults)
 95899 | Vaults:4 | Got a fine spear {vamp}
 95901 | Vaults:4 | Identified the cursed +0 spear of Xotoemipp {vamp, Int+2} (You took it off a yaktaur captain on level 4 of the Vaults)
 96001 | Vaults:5 | Noticed a golden dragon
 96490 | Vaults:4 | Reached skill level 10 in Summonings
 97103 | Vaults:5 | Killed a golden dragon
 97214 | Vaults:5 | Killed a golden dragon
 97214 | Vaults:5 | Reached skill level 5 in Charms
 98308 | Orc:2    | Bought a scroll of teleportation for 39 gold pieces
 98346 | Orc:2    | Bought a scroll of fear for 56 gold pieces
 98346 | Orc:2    | Bought a scroll of teleportation for 48 gold pieces
 98422 | Elf:2    | Bought a scroll of teleportation for 108 gold pieces
 98649 | Lair:1   | Identified the ring "Sucim" {rPois rC+} (You took it off an ogre mage on level 4 of the Vaults)
100844 | Vaults:4 | Killed a golden dragon
101081 | Vaults:5 | Reached XP level 22. HP: 187/187 MP: 31/52
101707 | Vaults:5 | Got a silver rune of Zot
101897 | Vaults:5 | Got an ancient hunting sling
101898 | Vaults:5 | Identified the cursed +0 hunting sling of Vengeance {venom, Fragile rN++} (You took it off a vault sentinel on level 5 of the Vaults)
101938 | Vaults:5 | Reached skill level 20 in Spellcasting
102083 | Vaults:5 | Got an uncursed warped war axe {venom}
102084 | Vaults:5 | Identified the +4 war axe "Hydrabane" {venom, Dex+4} (You took it off a deep elf high priest on level 5 of the Vaults)
102850 | Lair:1   | Got a pair of dazzling boots
102861 | Lair:1   | Identified the +0 pair of boots of Xiacobri {rElec rPois rC+ Slay-4} (You acquired it on level 1 of the Lair of Beasts)
103102 | Lair:1   | Learned a level 7 spell: Spellforged Servitor
103481 | Swamp:4  | Killed the 27-headed Lernaean hydra
103741 | Lair:6   | Got a pair of heavily runed boots
103752 | Lair:6   | Identified the +0 pair of boots of Limitation {rCorr} (You acquired it on level 6 of the Lair of Beasts)
103767 | Slime:1  | Entered Level 1 of the Pits of Slime
104854 | Depths:1 | Entered Level 1 of the Depths
105034 | Depths:1 | Noticed the Enchantress
105054 | Depths:1 | Killed the Enchantress
105088 | Depths:1 | Got faerie dragon scales
105099 | Depths:1 | Identified the +4 faerie dragon scales {rF- rC+ rN+ rCorr} (You took it off the Enchantress on level 1 of the Depths)
105477 | Depths:1 | Noticed Mara
105521 | Depths:1 | Noticed tailblues's illusion
105578 | Depths:1 | Killed Mara
106071 | Depths:1 | Noticed Saint Roka
106086 | Depths:1 | Killed Saint Roka
106456 | Depths:1 | Found a gateway to Hell.
106486 | Depths:1 | Found an iron altar of Okawaru.
106875 | Depths:2 | Found a one-way gate to the infinite horrors of the Abyss.
107479 | Depths:2 | Identified the Compendium of Poisonous Flight
108149 | Depths:2 | Reached skill level 5 in Translocations
108651 | Depths:2 | Noticed a caustic shrike
108653 | Depths:2 | Noticed a caustic shrike
108654 | Depths:2 | Noticed a caustic shrike
108655 | Depths:2 | Noticed a caustic shrike
108658 | Depths:2 | Killed a caustic shrike
108666 | Depths:2 | Slain by a caustic shrike

Skill      XL: |  1  2  3  4  5  6  7  8  9 10 11 12 13 14 15 16 17 18 19 20 21 22 |
---------------+-------------------------------------------------------------------+-----
Stealth        | 2 3 4 5 6 7 |  7.4
Spellcasting   | 3 4 5 6 7 8 9 10 12 13 14 15 17 18 19 20 | 20.5
Conjurations   | 1 2 3 4 5 6 7 8 9 10 11 12 13 | 13.1
Dodging        | 2 4 6 7 8 9 |  9.2
Summonings     | 1 2 3 4 5 6 7 8 9 10 | 10.4
Translocations | 1 2 3 4 5 |  5.1
Fighting       | 1 2 3 4 5 6 7 8 9 |  9.2
Short Blades   | 1 2 3 4 5 |  5.9
Polearms       | 1 2 4 5 6 7 8 |  8.5
Fire Magic     | 1 2 3 4 5 6 7 |  7.5
Hexes          | 1 2 3 |  3.8
Poison Magic   | 1 2 3 4 5 6 7 8 9 10 11 | 11.8
Air Magic      | 2 3 4 5 6 |  6.4
Armour         | 2 3 4 5 6 |  6.0
Long Blades    | 1 2 4 5 6 |  6.8
Bows           | 1 3 5 7 9 10 11 | 11.1
Shields        | 1 2 5 6 7 |  7.4
Unarmed Combat | 1 |  1.2
Transmutations | 1 2 3 4 5 6 |  6.7
Evocations     | 1 3 4 |  4.1
Charms         | 3 5 |  5.2
Staves         | |  0.1

Action                   |  1- 3 |  4- 6 |  7- 9 | 10-12 | 13-15 | 16-18 | 19-21 | 22-24 || total
-------------------------+-------+-------+-------+-------+-------+-------+-------+-------++-------
Melee: Dagger            |    12 |       |       |   314 |   171 |       |       |       ||   497
       Unarmed           |     1 |       |       |       |       |       |       |       ||     1
       Short sword       |    13 |    71 |   241 |   175 |       |       |       |       ||   500
       Whip              |     8 |       |       |       |       |       |       |       ||     8
       Scythe            |       |     3 |    84 |    41 |       |       |       |       ||   128
       Punch             |       |       |       |     3 |     3 |     3 |       |       ||     9
       Demon blade       |       |       |       |       |   244 |   323 |    71 |    11 ||   649
       Longbow           |       |       |       |       |     2 |       |       |       ||     2
       Halberd           |       |       |       |       |       |     3 |       |       ||     3
       Lance             |       |       |       |       |       |       |   850 |   402 ||  1252
       Quarterstaff      |       |       |       |       |       |       |     6 |       ||     6
       Staff             |       |       |       |       |       |       |     1 |       ||     1
 Fire: Longbow           |       |       |       |   284 |   826 |   580 |    37 |       ||  1727
 Cast: Magic Dart        |    36 |    20 |    35 |    21 |    14 |    12 |    28 |     4 ||   170
       Call Imp          |    49 |    27 |    33 |    19 |     5 |       |       |       ||   133
       Blink             |     2 |     3 |    12 |    12 |    28 |    41 |    32 |     8 ||   138
       Conjure Flame     |       |     3 |    34 |    58 |    88 |    48 |       |       ||   231
       Mephitic Cloud    |       |    10 |    22 |    47 |    32 |    30 |    46 |    10 ||   197
       Slow              |       |       |     6 |     3 |     1 |       |       |       ||    10
       Ignite Poison     |       |       |     2 |    50 |   119 |   207 |   256 |    63 ||   697
       Confuse           |       |       |       |       |    23 |    24 |     2 |       ||    49
       Poisonous Vapours |       |       |       |       |    66 |   134 |   151 |    43 ||   394
       Olgreb's Toxic Ra |       |       |       |       |    70 |   145 |   120 |    31 ||   366
       Irradiate         |       |       |       |       |     2 |     3 |       |       ||     5
       Summon Demon      |       |       |       |       |    52 |   311 |   128 |    16 ||   507
       Dazzling Spray    |       |       |       |       |     5 |     2 |       |       ||     7
       Fulminant Prism   |       |       |       |       |       |    50 |     9 |     2 ||    61
       Summon Lightning  |       |       |       |       |       |    35 |     9 |       ||    44
       Aura of Abjuratio |       |       |       |       |       |    28 |    14 |     3 ||    45
       Shroud of Golubri |       |       |       |       |       |    12 |    27 |    20 ||    59
       Orb of Destructio |       |       |       |       |       |     4 |    15 |    25 ||    44
       Iskenderun's Myst |       |       |       |       |       |       |    37 |    10 ||    47
       Summon Butterflie |       |       |       |       |       |       |    12 |     5 ||    17
       Spellforged Servi |       |       |       |       |       |       |       |    23 ||    23
 Abil: Evoke Flight      |       |       |       |       |     6 |    27 |       |       ||    33
       Stop Flying       |       |       |       |       |     1 |     8 |       |       ||     9
Evoke: Wand              |       |       |       |       |     5 |     6 |     1 |     3 ||    15
       Crystal ball of e |       |       |       |       |       |     2 |       |       ||     2
  Use: Scroll            |     8 |     5 |     3 |    18 |    20 |    24 |    39 |     9 ||   126
       Potion            |       |       |     2 |     5 |     5 |    12 |    20 |       ||    44
 Stab: Sleeping          |     2 |     1 |     5 |    10 |     2 |     1 |     8 |     3 ||    32
       Confused          |       |     2 |     8 |    17 |     9 |     6 |     3 |     2 ||    47
       Distracted        |       |     1 |     1 |     3 |     3 |    11 |    12 |     6 ||    37
  Eat: Chunk             |     4 |     1 |    20 |    31 |    86 |    71 |    63 |    33 ||   309
       Fruit             |     2 |     1 |     4 |    15 |     5 |       |     1 |     5 ||    33
       Bread ration      |     1 |     1 |       |     1 |       |     5 |     4 |     2 ||    14
       Royal jelly       |       |       |       |       |     2 |     1 |     1 |     1 ||     5
       Meat ration       |       |       |       |       |       |       |     1 |     1 ||     2
Armor: Robe              |    14 |    22 |    48 |       |       |       |       |       ||    84
       Leather armour    |       |       |     6 |   168 |   350 |    41 |       |       ||   565
       Acid dragon scale |       |       |       |       |       |   596 |   449 |   112 ||  1157
Dodge: Dodged            |    33 |    48 |   138 |   470 |   878 |   944 |   868 |   345 ||  3724
       Deflected         |       |       |       |       |       |       |    12 |    10 ||    22
Block: Buckler           |       |       |       |       |       |       |   553 |   210 ||   763
       Reflection        |       |       |       |       |       |       |    84 |    20 ||   104
       Rpst.: Demon blade |       |       |       |       |    61 |    65 |    16 |     1 ||   143
